 Dungeon Sprint DCSS version 0.23-a0-270-gab6feb3 (webtiles) character file.

4844 Felrender the Fencer (level 10, -9/105 HPs)
             Began as a Minotaur Fighter on Sept 30, 2018.
             Was a High Priest of Okawaru.
             Mangled by Urug
             ... wielding a +4 eveningstar
              (21 damage)
             ... in the Dungeon (Sprint IX: "|||||||||||||||||||||||||||||").
             The game lasted 00:03:19 (1177 turns).

Felrender the Fencer (Minotaur Fighter)             Turns: 1177, Time: 00:03:20

Health: -9/105     AC:  7    Str: 25    XL:     10   Next: 25%
Magic:  12/12      EV:  7    Int:  8    God:    Okawaru [*****.]
Gold:   0          SH: 13    Dex: 12    Spells: 9/9 levels left

rFire    . . .     SeeInvis .   p - +4 scimitar (flame)
rCold    . . .     Gourm    .   c - +0 shield
rNeg     . . .     Faith    .   r - +0 plate armour
rPois    .         Spirit   .   (helmet restricted)
rElec    .         Reflect  .   A - +0 cloak
rCorr    .         Harm     .   q - +0 pair of gloves
MR       .....     NoTele   +   B - +0 pair of boots
Stlth    ..........             (no amulet)
HPRegen  0.27/turn              s - +3 ring of intelligence
MPRegen  0.13/turn              t - +3 ring of dexterity

@: corroded
A: retaliatory headbutt, horns 2
a: Heroism, Finesse, Renounce Religion


You were in the Dungeon.
You worshipped Okawaru.
Okawaru was extremely pleased with you.
You were not hungry.

You visited 1 branch

Inventory:

Hand Weapons
 a - a +0 long sword
 p - a +4 scimitar of flaming (weapon)
Missiles
 h - 5 needles of sleeping
 w - 5 steel javelins (quivered)
 z - 4 tomahawks
Armour
 c - a +0 shield (worn)
 q - a +0 pair of gloves (worn)
 r - a +0 plate armour (worn)
 A - a +0 cloak (worn)
 B - a +0 pair of boots (worn)
Jewellery
 s - a +3 ring of intelligence (left hand)
 t - a +3 ring of dexterity (right hand)
Wands
 o - a wand of iceblast (10)
Scrolls
 k - 4 scrolls of blinking
 m - 3 scrolls of remove curse
 n - 2 scrolls of amnesia
 x - a scroll of fog
 y - 2 scrolls of identify
Potions
 d - 2 potions of might
 e - 5 potions of curing
 g - 4 potions of heal wounds
 i - 4 potions of magic
 j - 2 potions of berserk rage
 l - a potion of invisibility
Miscellaneous
 v - a lightning rod (3/4)
Comestibles
 f - 11 rations
 u - 14 chunks of flesh


   Skills:
 * Level 15.1 Fighting
 * Level 17.4 Long Blades
 + Level 11.7 Armour
 - Level 0.3 Dodging
 + Level 0.2 Stealth
 + Level 11.1 Shields
 * Level 4.5 Evocations


You had 9 spell levels left.
You didn't know any spells.
Your spell library was empty.

Dungeon Overview and Level Annotations

Branches:
Dungeon (1/1)

Altars:
Cheibriados
Dithmenos
Elyvilon
Fedhas
Gozag
Hepliaklqana
Kikubaaqudgha
Makhleb
Nemelex Xobeh
Okawaru
Qazlal
Ru
Sif Muna
Trog
Uskayaw
Vehumet
Wu Jian
Xom
Yredelemnul
Zin
The Shining One
Beogh
Jiyva
Lugonu

Annotations:
D Urug


Innate Abilities, Weirdness & Mutations

You reflexively headbutt those who attack you in melee.
You have a pair of horns on your head.


Message History

Urug is lightly wounded.
Urug screams, "Bird-brain!"
Urug zaps a wand.
The bolt of acid hits you! The acid corrodes you!
You are splashed with acid!
The acid burns!
Evoke which item? (* to show all) (? for menu, Esc to quit)
Aiming: Thunderbolt
Press: ? - help, Shift-Dir - straight line, f - Urug
Aim: Urug, wielding an enchanted eveningstar, wearing a scale mail and carrying The thunderbolt hits Urug.
Urug is moderately wounded.
Urug zaps a wand.
The bolt of acid hits you!
* * * LOW HITPOINT WARNING * * *
The acid corrodes you!
You are splashed with acid!
The acid burns!
* * * LOW HITPOINT WARNING * * *
You hit Urug. You burn Urug.
Urug is moderately wounded.
You hit Urug. You burn Urug.
Urug is moderately wounded.
Urug hits you with an enchanted eveningstar!!
You die...

▓▓▓▓▓▓▓▓▓▓▓▓▓▓▓▓▓▓▓▓
▓......((.(.@o......
▓.▓▓▓▓▓▓▓▓▓▓▓▓▓▓▓▓▓▓▓▓▓▓▓▓▓▓▓
▓....'.[.[.[..'()..........÷.
▓▓▓▓▓▓▓▓▓▓▓▓▓▓▓▓▓▓▓▓▓▓▓▓▓▓▓▓▓
▓............................
▓.▓▓▓▓▓▓▓▓▓▓▓▓▓▓▓▓▓▓▓▓▓▓▓▓▓▓▓
▓..'......[....)÷(...[.)|..'_
▓▓▓▓▓▓▓▓▓▓▓▓▓▓▓▓▓▓▓▓▓▓▓▓▓▓▓▓▓


You could see Urug.

Vanquished Creatures
  A hydra (D)
  An elephant (D)
  A spiny frog (D)
  A komodo dragon (D)
  6 polar bears (D)
  2 yaks (D)
  2 basilisks (D)
  2 water moccasins (D)
  A porcupine (D)
  2 black bears (D)
  A phantom (D)
  An ice beast (D)
  A sky beast (D)
  A wolf (D)
  A centaur (D)
  A crocodile (D)
  5 bullfrogs (D)
  A scorpion (D)
  2 killer bees (D)
  2 crimson imps (D)
  An iguana (D)
  An orc (D)
  A bat (D)
  3 bat skeletons (D)
  A bat zombie (D)
  A giant cockroach (D)
  A hobgoblin (D)
  A jackal (D)
  2 kobolds (D)
  A leopard gecko zombie (D)
48 creatures vanquished.

Notes
Turn   | Place    | Note
-------+----------+-------------------------------------------
     0 | D        | Felrender the Minotaur Fighter began the quest for the Orb.
     0 | D        | Reached XP level 1. HP: 19/19 MP: 0/0
    26 | D        | Noticed a phantom
    29 | D        | Reached XP level 2. HP: 26/28 MP: 1/1
    54 | D        | Killed a phantom
    54 | D        | Reached skill level 5 in Long Blades
    54 | D        | Reached XP level 3. HP: 25/38 MP: 2/2
    54 | D        | Reached XP level 4. HP: 29/45 MP: 3/3
   164 | D        | Found a roughly hewn altar of Beogh.
   164 | D        | Found a snail-covered altar of Cheibriados.
   164 | D        | Found a shadowy altar of Dithmenos.
   164 | D        | Found a white marble altar of Elyvilon.
   164 | D        | Found a blossoming altar of Fedhas.
   164 | D        | Found an opulent altar of Gozag.
   165 | D        | Found a hazy altar of Hepliaklqana.
   166 | D        | Found a viscous altar of Jiyva.
   167 | D        | Found an ancient bone altar of Kikubaaqudgha.
   168 | D        | Found a corrupted altar of Lugonu.
   169 | D        | Found a burning altar of Makhleb.
   170 | D        | Found a sparkling altar of Nemelex Xobeh.
   171 | D        | Found an iron altar of Okawaru.
   172 | D        | Found a stormy altar of Qazlal.
   173 | D        | Found a sacrificial altar of Ru.
   174 | D        | Found a deep blue altar of Sif Muna.
   175 | D        | Found a bloodstained altar of Trog.
   176 | D        | Found a hide-covered altar of Uskayaw.
   177 | D        | Found a radiant altar of Vehumet.
   178 | D        | Found an ornate altar of the Wu Jian Council.
   179 | D        | Became a worshipper of Warmaster Okawaru
   180 | D        | Found a shimmering altar of Xom.
   181 | D        | Found a basalt altar of Yredelemnul.
   182 | D        | Found a glowing silver altar of Zin.
   183 | D        | Found a glowing golden altar of the Shining One.
   213 | D        | Noticed a centaur
   213 | D        | Noticed an ice beast
   213 | D        | Noticed a yak
   217 | D        | Killed a yak
   217 | D        | Reached * piety under Okawaru
   217 | D        | Reached skill level 7 in Long Blades
   217 | D        | Reached XP level 5. HP: 53/57 MP: 4/4
   220 | D        | Killed an ice beast
   220 | D        | Reached skill level 8 in Long Blades
   220 | D        | Reached XP level 6. HP: 62/66 MP: 5/5
   223 | D        | Reached skill level 9 in Long Blades
   227 | D        | Reached skill level 10 in Fighting
   229 | D        | Reached skill level 10 in Long Blades
   272 | D        | Noticed a sky beast
   280 | D        | Killed a sky beast
   280 | D        | Reached ** piety under Okawaru
   280 | D        | Reached XP level 7. HP: 73/73 MP: 6/6
   287 | D        | Reached skill level 11 in Long Blades
   408 | D        | Noticed a spiny frog
   408 | D        | Noticed a basilisk
   408 | D        | Noticed a yak
   412 | D        | Killed a yak
   415 | D        | Reached skill level 12 in Long Blades
   416 | D        | Noticed an elephant
   417 | D        | Reached XP level 8. HP: 65/83 MP: 7/7
   440 | D        | Reached *** piety under Okawaru
   440 | D        | Reached skill level 13 in Long Blades
   443 | D        | Killed a spiny frog
   443 | D        | Reached skill level 10 in Armour
   451 | D        | Killed an elephant
   451 | D        | Received a gift from Okawaru
   451 | D        | Reached skill level 14 in Long Blades
   451 | D        | Reached skill level 10 in Shields
   646 | D        | Noticed a komodo dragon
   647 | D        | Reached XP level 9. HP: 93/93 MP: 8/8
   648 | D        | Noticed a six-headed hydra
   649 | D        | Reached skill level 15 in Long Blades
   653 | D        | Killed a komodo dragon
   653 | D        | Reached **** piety under Okawaru
   653 | D        | Reached skill level 1 in Evocations
   664 | D        | Killed a three-headed hydra
   664 | D        | Reached ***** piety under Okawaru
   664 | D        | Reached skill level 16 in Long Blades
   961 | D        | Noticed a polar bear
   961 | D        | Noticed a polar bear
   961 | D        | Noticed a polar bear
   961 | D        | Noticed a polar bear
   962 | D        | Noticed a polar bear
   970 | D        | Killed a polar bear
   970 | D        | Noticed a polar bear
   977 | D        | Killed a polar bear
   977 | D        | Reached XP level 10. HP: 65/104 MP: 11/11
   980 | D        | Reached skill level 17 in Long Blades
   984 | D        | Received a gift from Okawaru
   989 | D        | Reached skill level 15 in Fighting
  1166 | D        | Noticed Urug
  1177 | D        | Mangled by Urug

Vault maps used:
D:        linesprint

Skill      XL: |  1  2  3  4  5  6  7  8  9 10 |
---------------+-------------------------------+-----
Fighting       | 4 6 9 10 11 13 14 15 | 15.1
Armour         | 4 6 7 8 9 10 11 | 11.7
Shields        | 4 6 7 8 9 10 11 | 11.1
Long Blades    | 5 7 8 10 12 14 16 17 | 17.4
Evocations     | 3 4 |  4.5
Dodging        | |  0.3
Stealth        | |  0.2

Action                   |  1- 3 |  4- 6 |  7- 9 | 10-12 || total
-------------------------+-------+-------+-------+-------++-------
Melee: Long sword        |    25 |       |       |       ||    25
       Headbutt          |     5 |     6 |    21 |     3 ||    35
       Scimitar          |       |    26 |    88 |    20 ||   134
Evoke: Lightning rod     |       |       |     2 |     1 ||     3
  Use: Scroll            |       |       |     2 |       ||     2
       Potion            |       |       |     4 |       ||     4
  Eat: Chunk             |       |       |       |     1 ||     1
Armor: Scale mail        |    13 |     3 |       |       ||    16
       Plate armour      |       |     4 |    31 |    10 ||    45
Dodge: Dodged            |     9 |     1 |    16 |     4 ||    30
Block: Shield            |     9 |    11 |    32 |    10 ||    62
       Rpst.: Long sword |     4 |       |       |       ||     4
       Scimitar          |       |       |     1 |     1 ||     2

Table legend:
 A = Non-vault XP
 B = Vault XP
 C = Vault XP percentage of total XP
 D = Non-vault monster count
 E = Vault monster count
 F = Vault count percentage of total count
                 A         B        C        D         E       F
            +---------+---------+-------+---------+---------+-------
      Total |       0 |    6921 | 100.0 |       0 |      48 | 100.0
            +---------+---------+-------+---------+---------+-------
          D |       0 |    6921 | 100.0 |       0 |      48 | 100.0
            +---------+---------+-------+---------+---------+-------
